 Dungeon Crawl Stone Soup version 0.25-a0-448-g1f46b9f (webtiles) character file.

Game seed: 11709190954160842060, levelgen mode: deterministic

66 Auros the Chopper (level 4, -3/39 HPs)
             Began as a Hill Orc Fighter on Jan 31, 2020.
             Was an Initiate of Beogh.
             Slain by Natasha (6 damage)
             ... on level 3 of the Dungeon.
             The game lasted 00:04:41 (651 turns).

Auros the Chopper (Hill Orc Fighter)                 Turns: 651, Time: 00:04:41

Health: -3/39      AC:  6    Str: 19    XL:     4   Next: 15%
Magic:  4/4        EV:  7    Int:  8    God:    Beogh [......]
Gold:   11         SH:  9    Dex: 10    Spells: 3/3 levels left

rFire    . . .     SeeInvis .   a - +0 war axe
rCold    + . .     Gourm    .   f - +0 shield
rNeg     . . .     Faith    .   b - +0 scale mail
rPois    .         Spirit   .   (no helmet)
rElec    .         Reflect  .   (no cloak)
rCorr    .         Harm     .   (no gloves)
MR       .....                  (no boots)
Stlth    ..........             (no amulet)
HPRegen  0.13/turn              l - ring of protection from cold
MPRegen  0.09/turn              (no ring)

@: slowed, very slow
A: no striking features
a: Renounce Religion


You were on level 3 of the Dungeon.
You worshipped Beogh.
Beogh was noncommittal.
You were not hungry.

You visited 1 branch of the dungeon, and saw 4 of its levels.

You collected 11 gold pieces.

Inventory:

Hand Weapons
 a - a +0 war axe (weapon)
 k - a +0 longbow
Missiles
 e - 23 sling bullets
 h - 18 poisoned darts (quivered)
 Z - 16 stones
Armour
 b - a +0 scale mail (worn)
 f - a +0 shield (worn)
Jewellery
 l - a ring of protection from cold (left hand)
Scrolls
 c - a scroll of remove curse
 i - a scroll of identify
Potions
 d - a potion of might
 j - a potion of ambrosia {unknown}
Comestibles
 g - 3 chunks of flesh
 z - a ration


   Skills:
 - Level 3.6 Fighting
 + Level 5.7 Axes
 - Level 3.2 Armour
 - Level 3.2 Shields


You had 3 spell levels left.
You didn't know any spells.
Your spell library was empty.

Dungeon Overview and Level Annotations

Branches:
Dungeon (4/15)
 Temple: D:4-7

Altars:

Annotations:
D:3 1 runed translucent door, Natasha; Remcycle's ghost, amateur DsFi


Message History

You miss the crimson imp. Natasha claws you.
* * * LOW HITPOINT WARNING * * *
The crimson imp hits you but does no damage.
Natasha closely misses you. The crimson imp completely misses you.
You closely miss Natasha.
Natasha is severely wounded.
You hit the crimson imp but do no damage.
Natasha claws you.
* * * LOW HITPOINT WARNING * * *
The crimson imp hits you but does no damage.
The crimson imp blinks!
Natasha casts a spell at you. The magic dart hits you.
* * * LOW HITPOINT WARNING * * *
The crimson imp hits you but does no damage.
You closely miss Natasha.
Natasha is severely wounded.
You closely miss the crimson imp. You block Natasha's attack.
You block the crimson imp's attack. Natasha claws you.
You die...

## .
#5
#5#
#h##
#@#
#.5#
#.#.#
#.#.#
# #.#
#.#
#.#
#.#


You could see Natasha, 2 crimson imps and a white imp.

Vanquished Creatures
  An orc priest (D:4)
  An adder (D:4)
  An ooze (D:2)
  A worm (D:2)
  2 giant cockroaches (D:2)
  A goblin (D:2)
  4 hobgoblins (D:2)
  6 jackals (D:4)
  2 kobolds
  A rat (D:1)
20 creatures vanquished.

Notes
Turn   | Place    | Note
-------+----------+-------------------------------------------
     0 | D:1      | Auros the Hill Orc Fighter began the quest for the Orb.
     0 | D:1      | Reached XP level 1. HP: 19/19 MP: 1/1
    82 | D:2      | Reached skill level 3 in Axes
    95 | D:2      | Reached XP level 2. HP: 12/26 MP: 2/2
   272 | D:2      | Reached skill level 4 in Axes
   426 | D:3      | Found a runed translucent door.
   427 | D:3      | Noticed Remcycle's ghost (amateur DsFi)
   461 | D:4      | Reached XP level 3. HP: 31/31 MP: 3/3
   599 | D:4      | Became a worshipper of Beogh the Brigand
   605 | D:4      | Reached skill level 5 in Axes
   615 | D:4      | Reached XP level 4. HP: 27/39 MP: 4/4
   635 | D:3      | Noticed Natasha
   651 | D:3      | Slain by Natasha

Levels and vault maps discovered:
D:1:      co_arrival_random_square_maze, layout_loops_ring
D:2:      layout_rooms
D:3:      layout_loops_ring, evilmike_ruin_ashenzari, gammafunk_ghost_grave,
          kennysheep_path_1, nicolae_ru_awakened_eye, uniq_natasha
D:4:      layout_basic, first_ration, uniq_duvessa

Skill      XL: |  1  2  3 |
---------------+----------+-----
Axes           | 3 4 5 |  5.7
Fighting       | |  3.6
Armour         | |  3.2
Shields        | |  3.2

Action                   |  1- 3 |  4- 6 || total
-------------------------+-------+-------++-------
Melee: War axe           |    63 |    15 ||    78
Invok: Convert to Beogh  |     1 |       ||     1
  Use: Scroll            |       |     1 ||     1
Armor: Scale mail        |    22 |     8 ||    30
Dodge: Dodged            |    19 |     5 ||    24
Block: Shield            |    32 |     7 ||    39

Table legend:
 A = Non-vault XP
 B = Vault XP
 C = Vault XP percentage of total XP
 D = Non-vault monster count
 E = Vault monster count
 F = Vault count percentage of total count
                 A         B        C        D         E       F
            +---------+---------+-------+---------+---------+-------
      Total |      95 |       0 |   0.0 |      20 |       0 |   0.0
            +---------+---------+-------+---------+---------+-------
        D:1 |       2 |       0 |   0.0 |       2 |       0 |   0.0
        D:2 |      27 |       0 |   0.0 |      10 |       0 |   0.0
        D:4 |      66 |       0 |   0.0 |       8 |       0 |   0.0
            +---------+---------+-------+---------+---------+-------
